 Dungeon Crawl Stone Soup version 0.17.0-26-gececa24 (webtiles) character file.

126 HaroldButt the Insei (level 4, -3/35 HPs)
             Began as a Draconian Transmuter on Nov 20, 2015.
             Killed by nerve-wracking pain
             ... invoked by Grinder
              (8 damage)
             ... while paralysed by Grinder
             ... on level 3 of the Dungeon.
             The game lasted 00:06:16 (2037 turns).

HaroldButt the Insei (Draconian Transmuter)         Turns: 2037, Time: 00:06:17

Health: -3/35      AC:  6    Str: 12    XL:     4   Next: 83%
Magic:  6/7        EV:  2    Int: 14    God:
Gold:   120        SH:  0    Dex: 12    Spells: 2 memorised, 4 levels left

rFire  . . .     SeeInvis .       - Unarmed
rCold  . . .     Clarity  .     (armour unavailable)
rNeg   . . .     SustAt   .     (no shield)
rPois  .         Gourm    .     q - +1 hat
rElec  .         Spirit   .     (no cloak)
rCorr  .         Warding  .     (no gloves)
rMut   .         Stasis   .     (boots currently unavailable)
MR     .....                    (no amulet)
Stlth  +.........               (no ring)
                                (no ring)

@: paralysed, appendage, not resistant to hostile enchantments, very unstealthy
A: unfitting armour, talons 3, cold-blooded, AC +5
a: End Transformation


You were on level 3 of the Dungeon.
You were not hungry.
You had grown temporary talons.
You visited 1 branch of the dungeon, and saw 3 of its levels.

You collected 120 gold pieces.

Inventory:

Missiles
 a - 12 arrows
 n - 8 poisoned needles
 o - 3 stones (quivered)
Armour
 q - a +1 hat (worn)
Scrolls
 e - a scroll of noise
 m - a scroll of identify
Potions
 g - a potion of cancellation
 i - a potion of heal wounds
 k - a potion of lignification {unknown}
 l - a potion of might {unknown}
Books
 b - a book of Changes

   Spells                             Type                      Level
   a - Beastly Appendage              Transmutation                1
   b - Sticks to Snakes               Transmutation                2
   c - Spider Form                    Transmutation/Poison         3
   d - Ice Form                       Ice/Transmutation            4
   e - Blade Hands                    Transmutation                5
Comestibles
 c - 4 bread rations
 h - a slice of pizza
 j - a beef jerky
 p - 5 chunks of flesh


   Skills:
 - Level 1.1 Fighting
 - Level 1.7 Dodging
 - Level 5.0 Unarmed Combat
 - Level 2.0 Spellcasting
 + Level 3.2 Transmutations


You had 4 spell levels left.
You knew the following spells:

 Your Spells              Type           Power        Failure   Level  Hunger
a - Beastly Appendage     Trmt           ##....       10%         1    ##.....
b - Sticks to Snakes      Trmt           ##........   12%         2    ###....


Dungeon Overview and Level Annotations

Branches:
Dungeon (3/15)

Altars:
Fedhas
Qazlal

Annotations:
D:3 Grinder


Innate Abilities, Weirdness & Mutations

Your plain brown scales are hard (AC +5).
Your body does not fit into most forms of armour.
You are cold-blooded and may be slowed by cold attacks.
You have claws for feet.


Message History

Read which item? (? for menu, Esc to quit)
As you read the scroll labeled YDDOFOUZULU, it crumbles to dust.
It is a scroll of identify.
Identify which item? (\ to view known items) (? for menu, Esc to quit)
g - a potion of cancellation The giant newt bites you.
Casting: Beastly Appendage
Confirm with . or Enter, or press ? or * to list all spells.
Your feet morph into talons.
The giant newt barely misses you. Grinder gestures at you.
You suddenly lose the ability to move!
The giant newt bites you but does no damage.
Grinder hits you.
You writhe in agony.
You writhe in agony.
The giant newt bites you but does no damage.
Grinder hits you!
* * * LOW HITPOINT WARNING * * *
The giant newt completely misses you. Grinder gestures at you.
Pain shoots through your body!
You die...

#. ! #.### $.
.....#### ... #..
....##.#..
#.###.........
######§##§§.J......
.....§§§§§5@g.#
##§§§§§l#### ###
#.§§§#### .. #..###
.# ###..# .#
####....# #
#....#..#
####.###..##
.....#...##


You could see Grinder, an ooze, a hobgoblin and a giant newt.

Vanquished Creatures
  An orc wizard (D:3)
  3 adders
  An ooze (D:1)
  A worm (D:2)
  A giant gecko (D:1)
  2 orcs (D:3)
  4 bats
  2 giant cockroaches
  7 goblins
  10 hobgoblins
  6 jackals
  2 quokkas
  2 ball pythons
  2 giant newts (D:2)
  10 kobolds
  5 rats
59 creatures vanquished.

Notes
Turn   | Place    | Note
--------------------------------------------------------------
     0 | D:1      | HaroldButt the Draconian Transmuter began the quest for the Orb.
     0 | D:1      | Reached XP level 1. HP: 16/16 MP: 3/3
   295 | D:1      | Reached XP level 2. HP: 20/23 MP: 5/5
   396 | D:1      | Learned a level 2 spell: Sticks to Snakes
   641 | D:1      | Reached skill level 4 in Unarmed Combat
   812 | D:1      | Reached XP level 3. HP: 24/28 MP: 4/6
  1288 | D:2      | Reached XP level 4. HP: 33/35 MP: 7/7
  1336 | D:2      | Reached skill level 5 in Unarmed Combat
  1751 | D:3      | Found a blossoming altar of Fedhas.
  1922 | D:3      | Found a stormy altar of Qazlal.
  2024 | D:3      | Noticed Grinder
  2034 | D:3      | Paralysed by Grinder for 4 turns
  2037 | D:3      | Killed from afar by Grinder

Action                   |  1- 3 |  4- 6 || total
-------------------------+-------+-------++-------
Melee: Unarmed           |   128 |    62 ||   190
 Cast: Beastly Appendage |     8 |     3 ||    11
  Use: Scroll            |       |     4 ||     4
       Potion            |       |     1 ||     1
 Stab: Sleeping          |     1 |       ||     1
  Eat: Chunk             |     2 |     2 ||     4
